[Event "42nd Olympiad Baku 2016 Open"]
[Site "Baku"]
[Date "2016.09.08"]
[Round "6.35"]
[White "Ortiz, Marcos"]
[Black "Pazos Gambarrotti, Plinio"]
[Result "0-1"]
[ECO "B60"]
[WhiteElo "2219"]
[BlackElo "2239"]
[Annotator ""]
[PlyCount "78"]
[EventDate "2016.??.??"]
[EventCountry "AZE"]
[SourceTitle "playchess.com"]
[Source "ChessBase"]
[WhiteTeam "Nicaragua"]
[BlackTeam "Ecuador"]
[WhiteTeamCountry "NCA"]
[BlackTeamCountry "ECU"]
[TimeControl "40/5400+30:1800+30"]

1. e4 {(00:00} c5 {(00:00} 2. Nf3 {(00:00} Nc6 {
(00:08} 3. d4 {(00:10} cxd4 {(00:12} 4. Nxd4 {(
00:11} Nf6 {(00:10} 5. Nc3 {(00:10} d6 {(00:12} 6. Bg5
{(00:38} Qb6 {(00:16} 7. Be3 {(03:49} Qxb2 {(05:
47} 8. Ndb5 {(00:13} Qb4 {(00:09} 9. Bd2 {(00:18} Rb8
{(04:01} 10. Rb1 {(09:12} Qa5 {(00:50} 11. Nd5 {
(12:29} Qd8 {(00:30} 12. Nbc7+ {(04:40} Kd7 {(
00:09} 13. Bb5 {(07:51} e6 {(03:43} 14. Ba5 {(15:27}
Nxd5 {(04:14} 15. exd5 {(00:56} b6 {(01:36} 16. Nxe6 {
(01:47} fxe6 {(01:11} 17. Bxc6+ {(00:22} Kc7 {(
00:59} 18. Bc3 {(01:14} Bd7 {(03:49} 19. Bxd7 {(00:35}
Qxd7 {(00:07} 20. O-O {(01:16} Be7 {(01:20} 21. Qd3 {
(00:49} exd5 {(02:59} 22. Qxd5 {(00:51} Qc6 {(
01:05} 23. Qf7 {(00:40} Qd7 {(04:12} 24. Rb4 {(07:36}
d5 {(02:49} 25. Be5+ {(00:38} Kc6 {(00:21} 26. Rb3 {
(02:45} Rbd8 {(03:32} 27. c4 {(03:41} dxc4 {(02:
31} 28. Qxc4+ {(00:12} Kb7 {(00:45} 29. Bxg7 {(06:01}
Rhe8 {(00:58} 30. Be5 {(00:30} Qd5 {(03:53} 31. Qc7+ {
(01:30} Ka8 {(00:09} 32. Bg3 {(07:36} Rc8 {(02:
55} 33. Qf4 {(00:05} Red8 {(01:07} 34. Qa4 {(03:13} h5
{(01:20} 35. Rxb6 {(03:48} Rc4 {(08:19} 36. Qa6 {
(00:21} h4 {(00:24} 37. Rb5 {(01:15} Bc5 {(01:
11} 38. Be5 {(05:13} Rg8 {(01:33} 39. g3 {(00:38} h3 {
(00:27} 0-1

[Event "42nd Olympiad Baku 2016 Open"]
[Site "Baku"]
[Date "2016.09.08"]
[Round "6.12"]
[White "Ortiz Suarez, Isan Reynaldo"]
[Black "Kakabaev, Mergen"]
[Result "1-0"]
[ECO "C50"]
[WhiteElo "2581"]
[BlackElo "2338"]
[Annotator ""]
[PlyCount "129"]
[EventDate "2016.??.??"]
[EventCountry "AZE"]
[SourceTitle "playchess.com"]
[Source "ChessBase"]
[WhiteTeam "Cuba"]
[BlackTeam "Turkmenistan"]
[WhiteTeamCountry "CUB"]
[BlackTeamCountry "TKM"]
[TimeControl "40/5400+30:1800+30"]

1. e4 {(00:00} e5 {(00:00} 2. Nf3 {(00:00} Nc6 {
(00:00} 3. Bc4 {(00:05} Bc5 {(00:04} 4. O-O {(
00:10} Nf6 {(00:05} 5. d3 {(00:06} d6 {(00:12} 6. c3
Bg4 {(01:33} 7. a4 {(01:02} a5 {(00:47} 8. Nbd2 {
(01:18} Bb6 {(05:08} 9. Bb3 {(01:26} d5 {(13:14]
} 10. h3 {(06:54} Bh5 {(03:10} 11. exd5 {(02:58} Nxd5 {
(00:23} 12. Nc4 {(00:37} f6 {(16:45} 13. d4 {(
04:41} Qe7 {(07:47} 14. Ncxe5 {(10:17} fxe5 {(20:51}
15. Bxd5 {(00:07} O-O-O {(00:16} 16. Bxc6 {(00:53} bxc6
{(00:17} 17. g4 {(00:14} e4 {(04:13} 18. Bg5 {(
01:40} Qe6 {(01:04} 19. Ne5 {(00:15} Rd5 {(04:34} 20.
Qe2 {(09:14} Be8 {(01:04} 21. Qa6+ {(03:50} Kb8 {
(00:25} 22. Bf4 {(00:07} Qc8 {(06:46} 23. Qxc8+ {
(10:35} Kxc8 {(00:01} 24. Rfe1 {(00:06} c5 {(02:
22} 25. dxc5 {(00:09} Bxc5 {(00:06} 26. Rxe4 {(00:04}
Rf8 {(00:31} 27. Rae1 {(00:56} g5 {(03:12} 28. Be3 {
(02:54} Bxe3 {(00:13} 29. R1xe3 {(00:09} Rd1+ {(
00:12} 30. Kg2 {(05:55} h5 {(02:10} 31. b3 {(04:06}
hxg4 {(01:08} 32. hxg4 {(00:07} Rb1 {(00:39} 33. c4 {
(00:12} Rh8 {(00:13} 34. Rd4 {(04:05} Rhh1 {(03:
44} 35. Red3 {(01:11} Kb7 {(00:23} 36. Rd8 {(01:23}
Bc6+ {(00:47} 37. Nxc6 {(00:06} Kxc6 38. R8d5 {(01:03}
Rhg1+ {(01:34} 39. Kf3 {(00:17} Rb2 {(00:21} 40. Rxg5 {
(00:00} Rf1 {(00:00} 41. Rxa5 Rfxf2+ {(00:25} 42. Kg3 {
(02:57} Rg2+ {(01:18} 43. Kh4 {(00:50} Rbe2 {(
00:02} 44. Rf5 {(04:24} Re8 {(01:08} 45. Kh3 {(13:54}
Rg1 {(00:20} 46. Rg3 {(03:39} Rh8+ {(06:38} 47. Rh5 {
(00:06} Rh1+ {(00:01} 48. Kg2 {(00:01} R1xh5 {(
00:24} 49. gxh5 {(00:05} Rxh5 {(00:02} 50. Rg8 {(00:47]
} Kc5 {(03:11} 51. Rb8 {(00:05} c6 {(00:25} 52. Kf3 {
(00:25} Re5 {(00:19} 53. Kf4 {(01:56} Re7 {(00:
05} 54. Kf5 {(00:18} Kd4 {(04:05} 55. Kf6 {(02:01} Rh7
{(00:04} 56. Ke6 {(01:25} Kc5 {(00:06} 57. a5 {(
07:12} Rh6+ {(14:56} 58. Kd7 {(01:36} Rh7+ {(00:09}
59. Kc8 {(00:50} Rh8+ {(04:45} 60. Kb7 {(00:14} Rh7+ {
(00:04} 61. Ka8 {(00:16} Rg7 {(00:11} 62. a6 {(
07:05} Rg1 {(00:38} 63. a7 {(01:58} Rg7 {(01:17} 64.
Rc8 {(00:30} Kb6 {(03:54} 65. c5+ {(00:05} 1-0

[Event "42nd Olympiad Baku 2016 Open"]
[Site "Baku"]
[Date "2016.09.08"]
[Round "6.2"]
[White "Pacher, Milan"]
[Black "Al Moshaiti, Khalil"]
[Result "1-0"]
[ECO "B76"]
[WhiteElo "2499"]
[BlackElo "2053"]
[Annotator ""]
[PlyCount "105"]
[EventDate "2016.??.??"]
[EventCountry "AZE"]
[SourceTitle "playchess.com"]
[Source "ChessBase"]
[WhiteTeam "Slovakia"]
[BlackTeam "Libya"]
[WhiteTeamCountry "SVK"]
[BlackTeamCountry "LBY"]
[TimeControl "40/5400+30:1800+30"]

1. e4 {(00:00} c5 {(00:00} 2. Nf3 {(00:00} d6 {(
00:13} 3. d4 {(00:00} cxd4 {(00:56} 4. Nxd4 {(00:00}
Nf6 {(00:16} 5. Nc3 {(00:00} g6 {(00:48} 6. Be3 {
(00:00} Bg7 {(00:44} 7. f3 {(00:05} O-O {(00:05]
} 8. Qd2 {(00:04} Nc6 {(00:15} 9. O-O-O {(00:05} d5 {
(03:17} 10. Qe1 {(00:15} e5 {(09:36} 11. Nxc6 {(
00:10} bxc6 {(00:01} 12. exd5 {(00:08} Nxd5 {(01:34}
13. Bc4 {(00:50} Be6 {(02:34} 14. h4 {(01:57} Qc7 {
(04:48} 15. Bxd5 {(04:34} cxd5 {(01:31} 16. Nxd5 {
(00:52} Bxd5 {(00:02} 17. Rxd5 {(00:08} Qc4 {(
09:01} 18. Ra5 {(01:23} Rfc8 {(04:20} 19. c3 {(01:22}
e4 {(06:12} 20. Bd2 {(01:58} exf3 {(05:11} 21. gxf3 {
(00:05} Re8 {(04:23} 22. Qf1 {(02:29} Re2 {(07:
40} 23. Rh2 {(02:12} Rae8 {(02:05} 24. Rxe2 {(00:15}
Rxe2 {(01:00} 25. Rxa7 {(03:28} Qe6 {(12:15} 26. Ra8+ {
(04:28} Bf8 {(00:06} 27. Bh6 {(00:55} Re1+ {(00:
26} 28. Kc2 {(00:38} Re2+ {(09:33} 29. Kd3 {(00:27}
Qd5+ {(02:56} 30. Kxe2 {(00:05} Qxa8 {(00:01} 31. Bxf8
{(00:09} Kxf8 {(00:01} 32. Qb1 {(00:17} Qa6+ {(
02:22} 33. Kf2 {(03:14} Qd6 {(00:24} 34. b4 {(01:38}
Qh2+ {(02:53} 35. Ke3 {(00:19} Qxh4 {(00:39} 36. b5 {
(00:52} Qg5+ {(00:31} 37. Kd4 {(00:28} Qd2+ {(
03:19} 38. Kc4 {(00:32} Qe2+ {(00:35} 39. Qd3 {(00:43}
Qxd3+ {(01:16} 40. Kxd3 {(00:00} Ke7 {(00:00} 41. a4 {
(00:29} h5 {(01:09} 42. a5 {(00:05} Kd7 {(00:04]
} 43. a6 {(00:05} Kc7 {(00:03} 44. c4 {(00:07} h4 {
(00:48} 45. Ke2 {(00:04} Kb6 {(02:41} 46. c5+ {(
00:31} Ka7 {(00:01} 47. f4 {(00:15} f6 {(00:06} 48.
Kf3 {(00:04} g5 {(00:04} 49. fxg5 {(00:03} fxg5 {
(00:01} 50. Kg4 {(00:06} Kb8 {(00:11} 51. b6 {(
00:12} Ka8 {(00:16} 52. c6 {(00:12} Kb8 {(00:02} 53.
Kh3 1-0

[Event "42nd Olympiad Baku 2016 Open"]
[Site "Baku"]
[Date "2016.09.08"]
[Round "6.27"]
[White "Pang Yui Kuen"]
[Black "Hague, Ben"]
[Result "0-1"]
[ECO "A04"]
[WhiteElo "1963"]
[BlackElo "2341"]
[Annotator ""]
[PlyCount "60"]
[EventDate "2016.??.??"]
[EventCountry "AZE"]
[SourceTitle "playchess.com"]
[Source "ChessBase"]
[WhiteTeam "Hong Kong"]
[BlackTeam "New Zealand"]
[WhiteTeamCountry "HKG"]
[BlackTeamCountry "NZL"]
[TimeControl "40/5400+30:1800+30"]

1. Nf3 {(00:00} c5 {(00:00} 2. b3 {(00:00} d6 {(
03:39} 3. e3 {(00:03} Nf6 {(02:24} 4. Bb2 {(01:18} e5
{(01:28} 5. d3 {(06:52} Nc6 {(03:07} 6. Be2 {(
00:07} Be7 {(00:49} 7. O-O {(00:12} O-O {(00:39} 8. c4
{(00:16} h6 {(04:08} 9. Nc3 {(03:22} Bf5 {(05:
48} 10. Nd5 {(12:58} Nxd5 {(07:19} 11. cxd5 {(00:03}
Nb4 {(01:01} 12. Qd2 {(21:43} Bg6 {(05:34} 13. Ne1 {
(20:05} Qd7 {(10:12} 14. e4 {(03:34} f5 {(02:57]
} 15. f3 {(00:09} Bg5 {(04:56} 16. Qd1 {(00:13} Be3+ {
(06:15} 17. Kh1 {(00:01} Bd4 {(00:48} 18. Bxd4 {
(02:26} cxd4 {(00:13} 19. Nc2 {(01:22} Na6 {(02:
08} 20. Qd2 {(01:22} Rfc8 {(02:23} 21. Na3 {(05:23}
Rc3 {(03:35} 22. exf5 {(02:18} Bxf5 {(00:43} 23. f4 {
(00:07} Nb4 {(07:08} 24. Nc4 {(07:09} Re8 {(06:
34} 25. fxe5 {(04:49} dxe5 {(00:16} 26. Rac1 {(04:31}
Rxc1 {(01:31} 27. Qxc1 {(01:17} Bxd3 {(02:54} 28. Bxd3
{(00:28} Nxd3 {(00:11} 29. Qd2 {(00:15} e4 {(00:
35} 30. Qa5 {(01:18} e3 {(00:40} 0-1

[Event "42nd Olympiad Baku 2016 Open"]
[Site "Baku"]
[Date "2016.09.08"]
[Round "6.17"]
[White "Pelletier, Yannick"]
[Black "Marciano, David"]
[Result "1-0"]
[ECO "D31"]
[WhiteElo "2555"]
[BlackElo "2475"]
[Annotator ""]
[PlyCount "67"]
[EventDate "2016.??.??"]
[EventCountry "AZE"]
[SourceTitle "playchess.com"]
[Source "ChessBase"]
[WhiteTeam "Switzerland"]
[BlackTeam "Monaco"]
[WhiteTeamCountry "SUI"]
[BlackTeamCountry "MNC"]
[TimeControl "40/5400+30:1800+30"]

1. d4 {(00:00} d5 {(00:00} 2. c4 {(00:00} e6 {(
00:00} 3. Nc3 {(00:00} Be7 {(00:00} 4. Bf4 {(00:29}
Nf6 {(00:00} 5. e3 {(00:05} O-O {(00:00} 6. a3 {
(00:37} b6 {(13:05} 7. cxd5 {(00:43} exd5 {(03:
41} 8. Nf3 {(15:17} c5 {(06:55} 9. Be2 {(00:52} Bb7 {
(13:21} 10. O-O {(00:33} Nc6 {(01:16} 11. dxc5 {
(13:05} bxc5 {(05:20} 12. Rc1 {(00:12} Qa5 {(08:
23} 13. Qb3 {(11:52} Qb6 {(00:05} 14. Qc2 {(00:03} c4
{(01:49} 15. Rb1 {(05:44} d4 {(06:18} 16. exd4 {
(11:48} Nxd4 {(00:04} 17. Nxd4 {(00:05} Qxd4 {(
00:04} 18. Be3 {(00:31} Qh4 {(01:48} 19. Rbd1 {(09:01}
Bc5 {(05:47} 20. Qf5 {(04:58} Bxe3 {(04:13} 21. fxe3 {
(00:02} Rad8 {(01:07} 22. Qf4 {(05:45} Qxf4 {(
00:38} 23. exf4 {(00:17} Nd5 {(03:04} 24. Nxd5 {(00:48]
} Bxd5 {(00:08} 25. f5 {(04:38} Rfe8 {(01:43} 26. Rd2 {
(03:07} Be4 {(01:41} 27. Rxd8 {(00:19} Rxd8 {(
00:05} 28. Bxc4 {(00:11} Rd2 {(00:40} 29. Re1 {(08:18}
Rxg2+ {(00:10} 30. Kf1 {(00:03} Rg4 {(00:08} 31. Bd5 {
(00:12} Rf4+ {(06:02} 32. Kg1 {(00:24} Rg4+ {(
00:26} 33. Kf2 Rg2+ {(01:19} 34. Kf1 {(00:46} 1-0

[Event "42nd Olympiad Baku 2016 Open"]
[Site "Baku"]
[Date "2016.09.08"]
[Round "6.26"]
[White "Perez Ponsa, Federico"]
[Black "Ding, Liren"]
[Result "0-1"]
[ECO "C81"]
[WhiteElo "2585"]
[BlackElo "2753"]
[Annotator ""]
[PlyCount "114"]
[EventDate "2016.??.??"]
[EventCountry "AZE"]
[SourceTitle "playchess.com"]
[Source "ChessBase"]
[WhiteTeam "Argentina"]
[BlackTeam "China"]
[WhiteTeamCountry "ARG"]
[BlackTeamCountry "CHN"]
[TimeControl "40/5400+30:1800+30"]

1. e4 {(00:00} e5 {(00:00} 2. Nf3 {(00:00} Nc6 {
(00:00} 3. Bb5 {(00:02} a6 {(00:00} 4. Ba4 {(00:
05} Nf6 {(00:00} 5. O-O {(00:06} Nxe4 {(00:00} 6. d4 {
(01:02} b5 {(00:06} 7. Bb3 {(00:09} d5 {(00:04}
8. dxe5 {(00:07} Be6 {(00:02} 9. Qe2 {(00:29} Nc5 {
(00:34} 10. Rd1 {(00:34} Nxb3 {(00:51} 11. cxb3 {
(00:10} Be7 {(00:27} 12. Nc3 {(00:36} O-O {(00:
07} 13. Be3 {(01:27} Qd7 {(00:04} 14. Rd2 {(04:34} Nd8
{(00:49} 15. Rc1 {(04:14} c6 {(12:59} 16. Ne4 {(
11:11} Bg4 {(04:46} 17. h3 {(02:47} Bxf3 {(18:33} 18.
Qxf3 {(00:11} Re8 {(00:32} 19. Qg3 {(10:12} Kh8 {
(05:23} 20. Bc5 {(11:56} Nb7 {(06:06} 21. Bd4 {(
10:44} Bf8 {(03:38} 22. Ng5 {(08:05} Kg8 {(07:32} 23.
Qd3 {(09:46} g6 {(00:05} 24. Qg3 {(00:34} c5 {(
09:20} 25. Be3 {(04:59} Bg7 {(00:16} 26. Rcd1 {(03:46}
Rxe5 {(04:44} 27. Qh4 {(07:15} h6 {(00:41} 28. Nf3 {
(00:03} Rh5 {(07:31} 29. Qg4 {(00:22} Qc6 {(00:
15} 30. b4 {(01:02} d4 {(00:37} 31. Bf4 {(00:08} Rd8 {
(01:17} 32. bxc5 {(00:48} Qxc5 {(00:04} 33. Ne1 {
(02:48} Qd5 {(01:17} 34. b4 {(01:54} Nd6 {(08:
36} 35. Bxd6 {(01:21} Rxd6 {(00:16} 36. Nf3 {(00:53}
Qc4 {(01:23} 37. a3 {(01:41} d3 {(01:28} 38. Ne1 {
(00:48} Rhd5 {(02:48} 39. Qf3 {(01:03} Qc3 {(00:
55} 40. Rxd3 {(00:00} Rxd3 {(00:00} 41. Nxd3 {(01:25}
Qxa3 {(00:45} 42. g3 {(05:14} Qb3 {(02:46} 43. Kg2 {
(00:56} Qc2 {(02:37} 44. h4 {(02:29} h5 {(01:09]
} 45. Qa8+ {(03:02} Bf8 {(08:55} 46. Qf3 {(00:29} Kg7 {
(01:10} 47. Kf1 {(00:29} Rd4 {(04:12} 48. Kg2 {(
00:43} Qb3 {(01:45} 49. Qe2 {(05:52} Qd5+ {(02:12} 50.
Kh2 {(00:06} Bd6 {(01:39} 51. Qb2 {(01:01} Be5 {
(00:10} 52. Kg1 {(04:49} Qf3 {(00:55} 53. Qc2 {(
02:01} Bxg3 {(02:10} 54. fxg3 {(00:04} Qxg3+ {(00:21}
55. Kf1 {(00:05} Qh3+ {(00:11} 56. Ke2 {(00:53} Re4+ {
(00:16} 57. Kd2 {(00:06} Qe3+ {(00:14} 0-1

[Event "42nd Olympiad Baku 2016 Open"]
[Site "Baku"]
[Date "2016.09.08"]
[Round "6.10"]
[White "Pg, Md Omar Ak Hafizon"]
[Black "Ayyad, Maher"]
[Result "0-1"]
[ECO "B40"]
[WhiteElo "2168"]
[BlackElo "2076"]
[Annotator ""]
[PlyCount "72"]
[EventDate "2016.??.??"]
[EventCountry "AZE"]
[SourceTitle "playchess.com"]
[Source "ChessBase"]
[WhiteTeam "BRU"]
[BlackTeam "BRN"]
[WhiteTeamCountry "BRN"]
[BlackTeamCountry "BRN"]
[TimeControl "40/5400+30:1800+30"]

1. e4 {(00:00} c5 {(00:00} 2. Nf3 {(00:06} e6 {(
00:00} 3. c4 {(00:31} Nc6 {(00:00} 4. Nc3 {(00:12} d6
{(00:25} 5. d4 {(01:41} cxd4 {(00:53} 6. Nxd4 {(
01:44} Nf6 {(00:16} 7. Be2 {(01:09} Be7 {(06:03} 8.
Be3 {(00:14} O-O {(00:32} 9. O-O {(00:06} a6 {(
00:20} 10. Rc1 {(00:19} Bd7 {(00:25} 11. f3 {(00:16}
Rc8 {(00:56} 12. Nxc6 {(00:31} Bxc6 {(00:06} 13. b4 {
(00:13} b6 {(19:17} 14. Qd4 {(00:16} Nd7 {(01:
31} 15. Rfd1 {(00:43} Bb7 {(01:37} 16. Qd2 {(00:52}
Qc7 {(00:48} 17. Bf4 {(00:19} Ne5 {(00:50} 18. Na4 {
(00:15} Qc6 {(04:31} 19. b5 {(05:16} Qc7 {(02:
56} 20. Qd4 {(00:13} Ng6 {(23:06} 21. Bxd6 {(02:32}
Bxd6 {(00:54} 22. Qxd6 {(00:18} Qxd6 {(01:51} 23. Rxd6
{(00:12} axb5 {(00:06} 24. Nxb6 {(00:25} Rc7 {(
00:50} 25. c5 {(00:44} Bc6 {(00:13} 26. Rb1 {(05:18}
Be8 {(01:32} 27. Bxb5 {(01:19} Rxc5 {(00:24} 28. Nd7 {
(05:27} Bxd7 {(01:00} 29. Rxd7 {(00:07} Rc2 {(
00:42} 30. a4 {(00:11} Nf4 {(00:51} 31. Bf1 {(00:44}
Ra2 {(00:11} 32. Ra7 {(01:41} g5 {(03:53} 33. Rbb7 {
(05:23} Rd8 {(02:06} 34. Rxf7 {(01:21} Rd1 {(00:
12} 35. Rg7+ {(00:20} Kf8 {(00:31} 36. Rxh7 {(04:09}
Rxg2+ {(00:12} 0-1

[Event "42nd Olympiad Baku 2016 Open"]
[Site "Baku"]
[Date "2016.09.08"]
[Round "6.28"]
[White "Pichot, Alan"]
[Black "Wei, Yi"]
[Result "1/2-1/2"]
[ECO "B49"]
[WhiteElo "2536"]
[BlackElo "2717"]
[Annotator ""]
[PlyCount "62"]
[EventDate "2016.??.??"]
[EventCountry "AZE"]
[SourceTitle "playchess.com"]
[Source "ChessBase"]
[WhiteTeam "Argentina"]
[BlackTeam "China"]
[WhiteTeamCountry "ARG"]
[BlackTeamCountry "CHN"]
[TimeControl "40/5400+30:1800+30"]

1. e4 {(00:00} c5 {(00:00} 2. Nf3 {(00:00} e6 {(
00:00} 3. d4 {(00:47} cxd4 {(00:26} 4. Nxd4 {(00:12}
Nc6 {(00:05} 5. Nc3 {(00:51} Qc7 {(00:06} 6. Be3 {
(00:57} a6 {(00:24} 7. Be2 {(00:35} Nf6 {(00:38]
} 8. O-O {(00:25} Be7 {(00:03} 9. f4 {(02:32} d6 {
(00:27} 10. Kh1 {(00:53} O-O {(00:06} 11. Qe1 {(
00:07} Nxd4 {(00:44} 12. Bxd4 {(00:08} b5 {(00:07} 13.
a3 {(00:11} Bb7 {(05:23} 14. Qg3 {(00:08} Bc6 {(
00:21} 15. Rae1 {(08:03} Rac8 {(01:10} 16. Bd3 {(06:29]
} e5 {(02:32} 17. fxe5 {(07:53} Nh5 {(00:08} 18. Qg4 {
(17:59} dxe5 {(00:07} 19. Nd5 {(04:14} Bxd5 {(
00:09} 20. exd5 {(00:10} exd4 {(00:11} 21. Qe4 {(04:52]
} g6 {(00:06} 22. Qxe7 {(00:06} Qxe7 {(00:53} 23. Rxe7
{(00:13} f5 {(02:46} 24. Ra7 {(06:19} Ra8 {(06:
06} 25. Rb7 {(07:58} Rab8 {(19:17} 26. Ra7 {(00:28}
Ra8 {(01:53} 27. Rb7 {(00:26} Rfb8 {(17:45} 28. Rc7 {
(08:26} Rc8 {(07:19} 29. Rb7 {(01:12} Rcb8 {(06:
21} 30. Rc7 {(00:10} Rc8 {(00:06} 31. Rb7 {(00:07}
Rcb8 1/2-1/2

[Event "42nd Olympiad Baku 2016 Open"]
[Site "Baku"]
[Date "2016.09.08"]
[Round "6.32"]
[White "Pitirotjirathon, Jirapak"]
[Black "Ross, Chris N"]
[Result "1-0"]
[ECO "B09"]
[WhiteElo "2205"]
[BlackElo "2209"]
[Annotator ""]
[PlyCount "83"]
[EventDate "2016.??.??"]
[EventCountry "AZE"]
[SourceTitle "playchess.com"]
[Source "ChessBase"]
[WhiteTeam "THA"]
[BlackTeam "IBCA"]
[WhiteTeamCountry "THA"]
[BlackTeamCountry "ENG"]
[TimeControl "40/5400+30:1800+30"]

1. d4 d5 2. c4 e6 3. Nf3 Nf6 4. Nc3 Be7 5. Bf4 O-O 6. e3 b6 7. Rc1 dxc4 8. Bxc4
Bb7 9. O-O Nbd7 10. Nb5 Ne8 11. d5 exd5 12. Bxd5 Bxd5 13. Qxd5 c5 14. Rfd1 Nef6
15. Qb7 Qc8 16. Qxc8 Rfxc8 17. Nc7 Rab8 18. Nd5 Nxd5 19. Bxb8 Nxb8 20. Rxd5 Bf6
21. Rcd1 h6 22. e4 Kf8 23. e5 Be7 24. Kf1 Ke8 25. Nd2 Nc6 26. Ne4 g6 27. f4 Nd4
28. Nd6+ Bxd6 29. Rxd6 h5 30. Kf2 Rc7 31. g3 Ke7 32. Ke3 Rc8 33. Ke4 Rc7 34. h3
Nf5 35. g4 hxg4 36. hxg4 Nd4 37. f5 gxf5+ 38. gxf5 Rd7 39. Rxd7+ Kxd7 40. Rh1
Nc6 41. Rh7 Ke8 42. f6 1-0

[Event "42nd Olympiad Baku 2016 Open"]
[Site "Baku"]
[Date "2016.09.08"]
[Round "6.6"]
[White "Ponomariov, Ruslan"]
[Black "Nakamura, Hikaru"]
[Result "1/2-1/2"]
[ECO "A61"]
[WhiteElo "2709"]
[BlackElo "2789"]
[Annotator ""]
[PlyCount "80"]
[EventDate "2016.??.??"]
[EventCountry "AZE"]
[SourceTitle "playchess.com"]
[Source "ChessBase"]
[WhiteTeam "Ukraine"]
[BlackTeam "United States"]
[WhiteTeamCountry "UKR"]
[BlackTeamCountry "USA"]
[TimeControl "40/5400+30:1800+30"]

1. d4 {(00:00} Nf6 {(00:00} 2. c4 {(00:00} e6 {(
00:00} 3. Nf3 {(00:03} c5 {(00:00} 4. d5 {(02:24} d6 {
(00:24} 5. Nc3 {(00:22} exd5 {(00:06} 6. cxd5 {(
00:07} g6 {(00:06} 7. h3 {(03:14} Bg7 {(00:20} 8. e4 {
(00:28} O-O {(00:06} 9. Bd3 {(00:14} b5 {(00:03]
} 10. Bxb5 {(07:29} Nxe4 {(00:34} 11. Nxe4 {(00:06}
Qa5+ {(00:04} 12. Nfd2 {(00:09} Qxb5 {(00:04} 13. Nxd6
{(00:05} Qa6 {(00:04} 14. N2c4 {(00:16} Nd7 {(
00:36} 15. O-O {(00:10} Nb6 {(06:14} 16. Nxb6 {(01:52}
Qxb6 {(00:25} 17. Nxc8 {(00:13} Raxc8 {(00:06} 18. Rb1
{(03:37} Rfd8 {(12:54} 19. Bf4 {(13:03} Qb7 {(
19:52} 20. d6 {(01:07} Bf8 {(00:03} 21. Qd3 {(15:06}
Bxd6 {(05:42} 22. Bxd6 {(00:12} Rc6 {(00:04} 23. Rfd1 {
(00:33} Qd7 {(00:43} 24. Qa3 {(02:06} Rxd6 {(00:
06} 25. Rxd6 {(00:05} Qxd6 {(00:04} 26. Qxa7 {(00:08}
Qd3 {(31:20} 27. Rc1 {(02:47} Qd2 {(00:02} 28. Qxc5 {
(00:14} Qxb2 {(00:02} 29. a4 {(02:53} Ra8 {(07:
59} 30. Re1 {(09:21} Qd2 {(03:11} 31. Re4 {(09:09}
Rxa4 {(04:39} 32. Re8+ {(00:09} Kg7 {(00:02} 33. Qf8+ {
(00:17} Kf6 {(00:04} 34. Qe7+ {(13:48} Kg7 {(00:
02} 35. Qf8+ {(00:26} Kf6 {(00:01} 36. Re3 {(01:54}
Rf4 {(00:40} 37. Qh8+ {(09:17} Kg5 {(00:09} 38. Rg3+ {
(00:16} Kh6 {(02:33} 39. Qf8+ {(00:32} Kh5 {(00:
03} 40. Qc5+ {(00:00} Rf5 {(00:00} 1/2-1/2

[Event "42nd Olympiad Baku 2016 Open"]
[Site "Baku"]
[Date "2016.09.08"]
[Round "6.22"]
[White "Postny, Evgeny"]
[Black "Pinal Borges, Nelson"]
[Result "1-0"]
[ECO "E90"]
[WhiteElo "2619"]
[BlackElo "2320"]
[Annotator ""]
[PlyCount "85"]
[EventDate "2016.??.??"]
[EventCountry "AZE"]
[SourceTitle "playchess.com"]
[Source "ChessBase"]
[WhiteTeam "Israel"]
[BlackTeam "Dominican Republic"]
[WhiteTeamCountry "ISR"]
[BlackTeamCountry "DOM"]
[TimeControl "40/5400+30:1800+30"]

1. d4 {(00:00} Nf6 {(00:00} 2. c4 {(00:00} g6 {(
00:09} 3. Nc3 {(00:00} Bg7 {(00:03} 4. e4 {(00:00} d6
{(00:04} 5. Nf3 {(00:00} O-O {(00:20} 6. h3 {(
00:06} e5 {(00:51} 7. d5 {(00:07} Na6 {(02:54} 8. Be3
{(01:43} Nc5 {(03:47} 9. Nd2 {(00:11} a5 {(00:
45} 10. g4 {(00:07} Bd7 {(02:33} 11. Be2 {(05:06} c6 {
(04:04} 12. g5 {(02:01} Ne8 {(00:37} 13. h4 {(
01:05} f5 {(01:06} 14. h5 {(12:49} Rf7 {(00:52} 15.
Nf3 {(18:25} fxe4 {(09:55} 16. Nh4 {(00:52} Bf5 {
(11:16} 17. hxg6 {(02:12} hxg6 {(02:18} 18. Nxf5 {
(02:30} gxf5 {(07:15} 19. Bh5 {(00:20} Nd3+ {(
01:10} 20. Kf1 {(03:48} Qe7 {(23:59} 21. Bg6 {(34:17}
Nxb2 {(05:12} 22. Qe2 {(03:20} Nd3 {(02:17} 23. Qh5 {
(00:07} Nf4 {(01:30} 24. Bxf7+ {(01:00} Qxf7 {(
00:13} 25. Qxf7+ {(00:13} Kxf7 {(00:01} 26. Rb1 {(00:
07} Rc8 {(05:41} 27. Rxb7+ {(03:13} Kg6 {(00:15} 28.
dxc6 {(03:35} Rxc6 {(00:24} 29. Bxf4 {(02:41} exf4 {
(00:09} 30. Nd5 {(00:04} Rxc4 {(00:11} 31. Nxf4+ {
(00:15} Kxg5 {(00:26} 32. Ne6+ {(00:30} Kf6 {(
00:40} 33. Nxg7 {(00:09} Nxg7 {(00:14} 34. Rh7 {(00:11]
} Rc1+ {(08:08} 35. Kg2 {(01:58} f4 {(02:14} 36. Rhxg7
{(01:38} f3+ {(00:21} 37. Kh2 {(00:06} Rc2 {(02:
57} 38. Kg3 {(00:30} Rxa2 {(01:21} 39. Rbe7 {(01:34}
Rd2 {(01:46} 40. Rgf7+ {(00:00} Kg6 {(00:00} 41. Rf4 {
(02:38} d5 {(00:35} 42. Re6+ {(00:07} Kg7 {(01:
33} 43. Ra6 {(02:09} 1-0